Knights vs Tamiflu

Created - 29 novembre 2012 at 19:11

Goals
1 2 3 T
Knights 1 1 3 5
Tamiflu 1 1 2 4
Shots
1 2 3 T
Knights 14 17 16 47
Tamiflu 13 10 8 31

1st period

1. Knights , Troy Brouwer 4 (Jakub Voracek, Jarret Stoll) at 10:21
2. Tamiflu , Nathan Oystrick 2 (Mike Brown, Radek Bonk) at 15:19 (PP)

Penalties :
Cody Almond (Lon) for Holding Stick (Minor) at 15:09

2nd period

3. Tamiflu , Jani Rita 2 (Nate Thompson, Petr Pohl) at 6:16
4. Knights , Ryan Suter 2 (Darroll Powe, Nigel Dawes) at 12:24 (PP)

Penalties :
Greg Mauldin (Det) for Holding (Minor) at 8:10, Alex Picard (Det) for Roughing (Minor) at 12:05, Justin Braun (Det) for Interference (Minor) at 19:28

3rd period

5. Knights , Troy Brouwer 5 (Jack Skille, Jarret Stoll) at 0:34 (PP)
6. Tamiflu , Pierre Dagenais 2 (Jani Rita) at 2:04 (SH)
7. Tamiflu , Tyler Haskins 2 (David Clarkson, Jordan Hendry) at 7:30
8. Knights , Benn Ferriero 1 (Vladimir Orszagh) at 14:12
9. Knights , Darroll Powe 5 (Nigel Dawes, Kyle Greentree) at 15:24

Penalties :
Mike Brown (Det) for Hooking (Minor) at 0:49, Radek Bonk (Det) for Roughing (Minor) at 2:05, Ryan Suter (Lon) for Hooking (Minor) at 2:05, Nathan Oystrick (Det) for Holding (Minor) at 4:48, Ryan Suter (Lon) for Slashing (Minor) at 10:44, Garnet Exelby (Lon) for Tripping (Minor) at 19:42

Goalie Stats

Michael Leighton (Lon), 27 saves from 31 shots - (0,871), W, 6-1-0, 60:00 minutes
Jussi Markkanen (Det), 42 saves from 47 shots - (0,894), L, 0-3-1, 59:13 minutes

Players Stats for Knights

Player Name              G  A  P  +/- PIM S  H  SB GA TA FO     MP     PP MP  PK MP  
------------------------------------------------------------------------------------
Benn Ferriero            1  0  1   0  0   1  2  0  0  1  4/5    10:43   0:00   0:25 
Cody Almond              0  0  0  -1  2   0  0  0  0  0  1/3     8:37   0:16   0:00 
Darroll Powe             1  1  2   0  0   4  0  0  2  0  21/35  21:02   3:45   1:16 
Garnet Exelby            0  0  0   0  2   2  3  4  1  0  0/0    23:44   2:24   1:13 
Jack Skille              0  1  1   1  0   2  0  0  0  0  1/1    17:37   2:38   0:00 
Jakub Voracek            0  1  1   0  0   3  1  0  0  0  0/0    18:44   3:45   0:00 
Jarret Stoll             0  2  2   1  0   6  1  0  0  0  4/11   19:37   2:38   0:45 
Jesse Joensuu            0  0  0  -1  0   1  1  0  1  0  0/0     8:11   0:00   0:00 
Jonathan Tremblay        0  0  0  -1  0   4  2  0  0  0  0/0     8:38   0:16   0:00 
Karlis Skrastins         0  0  0  -1  0   1  1  3  0  2  0/0    27:37   3:52   1:40 
Korbinian Holzer         0  0  0   1  0   1  1  0  0  0  0/0    11:13   0:00   0:00 
Kyle Greentree           0  1  1   0  0   3  0  0  0  0  0/0    10:59   0:05   0:25 
Nicklas Grossman         0  0  0   0  0   0  1  0  0  0  0/0    21:10   2:47   0:46 
Nigel Dawes              0  2  2   0  0   8  1  0  0  0  2/3    21:02   3:45   1:16 
Ryan Suter               1  0  1  -1  4   4  2  1  2  0  0/0    24:06   4:14   0:27 
Scott Lehman             0  0  0   1  0   2  0  1  0  0  0/0    12:49   0:00   0:46 
Troy Brouwer             2  0  2   1  0   3  2  1  1  1  0/0    17:41   2:49   0:00 
Vladimir Orszagh         0  1  1   0  0   2  0  0  1  1  0/0    12:01   0:00   0:45 

Players Stats for Tamiflu

Player Name              G  A  P  +/- PIM S  H  SB GA TA FO     MP     PP MP  PK MP  
------------------------------------------------------------------------------------
Alex Picard              0  0  0  -1  2   1  1  1  0  1  1/1    21:18   1:07   3:35 
David Clarkson           0  1  1  -1  0   2  3  0  1  0  0/0    10:16   0:19   1:25 
Greg Mauldin             0  0  0   0  2   3  1  0  0  0  2/3    11:10   0:19   0:30 
Jan Mursak               0  0  0  -1  0   0  0  0  0  0  0/0     8:18   0:00   0:00 
Jani Rita                1  1  2   2  0   6  3  2  3  0  0/0    16:23   1:00   1:04 
Jonathan Sigalet         0  0  0   0  0   1  0  1  0  1  0/0    29:48   1:07   4:38 
Jordan Hendry            0  1  1  -1  0   0  0  1  0  1  0/0    20:19   1:19   2:44 
Justin Braun             0  0  0   2  2   0  0  1  0  1  0/0    11:01   0:00   0:26 
Kyle Lawson              0  0  0   1  0   0  0  0  0  0  0/0    10:41   0:00   0:48 
Mike Brown               0  1  1  -1  2   1  0  0  1  0  1/2    17:24   1:07   0:00 
Nate Thompson            0  1  1   1  0   3  0  0  0  1  6/12   16:58   1:00   1:25 
Nathan Oystrick          1  0  1  -2  2   2  1  1  0  0  0/0    18:35   1:19   1:30 
Nick Spaling             0  0  0   0  0   0  0  0  0  0  1/2     9:51   0:00   0:00 
Pavel Trnka              0  0  0   0  0   2  2  1  0  2  0/0    29:48   1:07   4:38 
Petr Pohl                0  1  1   1  0   1  0  0  0  0  0/0    15:15   1:00   0:00 
Pierre Dagenais          1  0  1   1  0   5  0  0  0  0  1/2    12:50   0:19   1:47 
Radek Bonk               0  1  1  -1  2   2  1  1  0  1  12/34  21:35   1:07   4:14 
Tyler Haskins            1  0  1  -1  0   2  0  0  0  0  1/2     9:03   0:00   0:00 

3 Stars

1 - Troy Brouwer (Lon)
2 - Jani Rita (Det)
3 - Darroll Powe (Lon)

Power Play

Knights - 2 on 5 Attempt(s) - 40,00%
Tamiflu - 1 on 3 Attempt(s) - 33,33%

Penalty Kill

Knights - 2 on 3 Attempt(s) - 66,67% - Score 0 goal in Penalty Kill
Tamiflu - 3 on 5 Attempt(s) - 60,00% - Score 1 goal in Penalty Kill

Official

Referees : Devorski Paul and Watson Brad
Linesman : Lonnie Cameron and Mark Wheler

Game Notes

No Game Note

Knights

5 vs 5 Forward 
   Center                   Left Wing                Right Wing               Time % Phy DF OF 
 1 Darroll Powe             Nigel Dawes              Jack Skille              36     1   2  2  
 2 Jarret Stoll             Troy Brouwer             Jakub Voracek            34     1   2  2  
 3 Benn Ferriero            Kyle Greentree           Vladimir Orszagh         20     1   2  2  
 4 Cody Almond              Jesse Joensuu            Jonathan Tremblay        10     1   2  2  

5 vs 5 Defense 
   Defense                  Defense                                           Time % Phy DF OF 
 1 Ryan Suter               Karlis Skrastins                                  36     1   2  2  
 2 Nicklas Grossman         Garnet Exelby                                     34     1   2  2  
 3 Scott Lehman             Korbinian Holzer                                  20     1   3  1  
 4 Karlis Skrastins         Ryan Suter                                        10     1   3  1  

PowerPlay Forward 
   Center                   Left Wing                Right Wing               Time % Phy DF OF 
 1 Darroll Powe             Nigel Dawes              Jakub Voracek            60     0   0  5  
 2 Jarret Stoll             Troy Brouwer             Jack Skille              40     0   0  5  

PowerPlay Defense
   Defense                  Defense                                           Time % Phy DF OF 
 1 Karlis Skrastins         Ryan Suter                                        60     1   1  3  
 2 Nicklas Grossman         Garnet Exelby                                     40     1   1  3  

Penalty Kill 4 Players Forward 
   Center                   Wing                     Time % Phy DF OF 
 1 Darroll Powe             Nigel Dawes              60     1   3  1  
 2 Jarret Stoll             Vladimir Orszagh         40     1   3  1  

Penalty Kill 4 Players Defense
   Defense                  Defense                  Time % Phy DF OF 
 1 Ryan Suter               Karlis Skrastins         60     1   4  0  
 2 Nicklas Grossman         Garnet Exelby            40     1   4  0  

Penalty Kill - 3 Players Forward 
   Forward                                           Time % Phy DF OF 
 1 Darroll Powe                                      60     0   5  0  
 2 Nigel Dawes                                       40     0   5  0  

Penalty Kill - 3 Players Defense
   Defense                  Defense                  Time % Phy DF OF 
 1 Ryan Suter               Karlis Skrastins         60     0   5  0  
 2 Nicklas Grossman         Garnet Exelby            40     0   5  0  

4 vs 4 Forward 
   Center                   Wing                     Time % Phy DF OF 
 1 Darroll Powe             Nigel Dawes              50     1   1  3  
 2 Jarret Stoll             Jack Skille              50     1   2  2  

4 vs 4 Defense
   Defense                  Defense                  Time % Phy DF OF 
 1 Ryan Suter               Karlis Skrastins         60     1   2  2  
 2 Nicklas Grossman         Garnet Exelby            40     1   2  2  

Last Minutes Offensive
   Center                   Left Wing                Right Wing               Defense                  Defense                  
   Darroll Powe             Nigel Dawes              Jack Skille              Karlis Skrastins         Ryan Suter               

Last Minutes Defensive
   Center                   Left Wing                Right Wing               Defense                  Defense                  
   Darroll Powe             Nigel Dawes              Vladimir Orszagh         Karlis Skrastins         Garnet Exelby            

Goaltenders
Starting : Michael Leighton         
Backup : Dany Sabourin            

Extra Forwards
Normal : Jack Skille, Jakub Voracek, Benn Ferriero - PP : Jack Skille, Nigel Dawes - PK : Benn Ferriero
Extra Defensemen
Normal : Karlis Skrastins, Ryan Suter, Garnet Exelby - PP : Ryan Suter - PK : Garnet Exelby, Karlis Skrastins
Penalty Shots
Jack Skille, Nigel Dawes, Darroll Powe, Jarret Stoll, Vladimir Orszagh

Tamiflu

5 vs 5 Forward 
   Center                   Left Wing                Right Wing               Time % Phy DF OF 
 1 Radek Bonk               Alex Picard              Mike Brown               40     1   2  2  
 2 Nate Thompson            Jani Rita                Petr Pohl                30     1   2  2  
 3 Greg Mauldin             Nick Spaling             Pierre Dagenais          20     1   2  2  
 4 Tyler Haskins            Jan Mursak               David Clarkson           10     1   2  2  

5 vs 5 Defense 
   Defense                  Defense                                           Time % Phy DF OF 
 1 Jonathan Sigalet         Pavel Trnka                                       40     1   2  2  
 2 Nathan Oystrick          Jordan Hendry                                     30     1   2  2  
 3 Justin Braun             Kyle Lawson                                       20     1   2  2  
 4 Jonathan Sigalet         Pavel Trnka                                       10     1   2  2  

PowerPlay Forward 
   Center                   Left Wing                Right Wing               Time % Phy DF OF 
 1 Radek Bonk               Alex Picard              Mike Brown               60     1   2  2  
 2 Nate Thompson            Jani Rita                Petr Pohl                40     1   2  2  

PowerPlay Defense
   Defense                  Defense                                           Time % Phy DF OF 
 1 Jonathan Sigalet         Pavel Trnka                                       60     1   2  2  
 2 Nathan Oystrick          Jordan Hendry                                     40     1   2  2  

Penalty Kill 4 Players Forward 
   Center                   Wing                     Time % Phy DF OF 
 1 Radek Bonk               Alex Picard              60     1   2  2  
 2 Nate Thompson            David Clarkson           40     1   2  2  

Penalty Kill 4 Players Defense
   Defense                  Defense                  Time % Phy DF OF 
 1 Jonathan Sigalet         Pavel Trnka              60     1   2  2  
 2 Nathan Oystrick          Jordan Hendry            40     1   2  2  

Penalty Kill - 3 Players Forward 
   Forward                                           Time % Phy DF OF 
 1 Radek Bonk                                        60     1   2  2  
 2 Nate Thompson                                     40     1   2  2  

Penalty Kill - 3 Players Defense
   Defense                  Defense                  Time % Phy DF OF 
 1 Jonathan Sigalet         Pavel Trnka              60     1   2  2  
 2 Nathan Oystrick          Jordan Hendry            40     1   2  2  

4 vs 4 Forward 
   Center                   Wing                     Time % Phy DF OF 
 1 Radek Bonk               Alex Picard              60     1   2  2  
 2 Nate Thompson            Mike Brown               40     1   2  2  

4 vs 4 Defense
   Defense                  Defense                  Time % Phy DF OF 
 1 Jonathan Sigalet         Pavel Trnka              60     1   2  2  
 2 Nathan Oystrick          Jordan Hendry            40     1   2  2  

Last Minutes Offensive
   Center                   Left Wing                Right Wing               Defense                  Defense                  
   Radek Bonk               Alex Picard              Mike Brown               Jonathan Sigalet         Pavel Trnka              

Last Minutes Defensive
   Center                   Left Wing                Right Wing               Defense                  Defense                  
   Radek Bonk               Alex Picard              David Clarkson           Jonathan Sigalet         Pavel Trnka              

Goaltenders
Starting : Jussi Markkanen          
Backup : Joe Fallon               

Extra Forwards
Normal : Greg Mauldin, Tyler Haskins, Pierre Dagenais - PP : Pierre Dagenais, Greg Mauldin - PK : Pierre Dagenais
Extra Defensemen
Normal : Kyle Lawson, Justin Braun, Jordan Hendry - PP : Kyle Lawson - PK : Kyle Lawson, Justin Braun
Penalty Shots
Radek Bonk, Pierre Dagenais, Alex Picard, Jani Rita, Greg Mauldin

% Time on Ice - Knights

Lines # - Real PCT - Wanted PCT - Time Play
Normal Forward
1 - 29% - 36% - 13:56
2 - 32% - 34% - 15:34
3 - 21% - 20% - 10:18
4 - 17% - 10% - 8:11
Normal Defense
1 - 37% - 36% - 17:34
2 - 35% - 34% - 16:47
3 - 23% - 20% - 11:13
4 - 5% - 10% - 2:25
PP Forward
1 - 58% - 60% - 3:50
2 - 42% - 40% - 2:49
PP Defense
1 - 64% - 60% - 4:15
2 - 36% - 40% - 2:24
PK Forward
1 - 69% - 60% - 1:41
2 - 31% - 40% - 0:45
PK Defense
1 - 100% - 60% - 2:26
2 - 0% - 40% - 0:00
PK3 Forward
1 - 0% - 60%
2 - 0% - 40%
PK3 Defense
1 - 0% - 60%
2 - 0% - 40%
44 Forward
1 - 66% - 50% - 1:19
2 - 34% - 50% - 0:40
44 Defense
1 - 100% - 60% - 1:59
2 - 0% - 40% - 0:00
Last Minute Offensive  - 0:00
Last Minute Defensive  - 0:57
Total
Forward - 60:00
Defense - 60:00

% Time on Ice - Tamiflu

Lines # - Real PCT - Wanted PCT - Time Play
Normal Forward
1 - 32% - 40% - 15:16
2 - 30% - 30% - 14:33
3 - 21% - 20% - 9:51
4 - 17% - 10% - 8:18
Normal Defense
1 - 41% - 40% - 19:34
2 - 32% - 30% - 15:25
3 - 21% - 20% - 9:53
4 - 6% - 10% - 3:06
PP Forward
1 - 59% - 60% - 1:26
2 - 41% - 40% - 1:00
PP Defense
1 - 46% - 60% - 1:07
2 - 54% - 40% - 1:19
PK Forward
1 - 79% - 60% - 5:14
2 - 21% - 40% - 1:25
PK Defense
1 - 60% - 60% - 4:01
2 - 40% - 40% - 2:38
PK3 Forward
1 - 100% - 60% - 0:43
2 - 0% - 40% - 0:00
PK3 Defense
1 - 86% - 60% - 0:37
2 - 14% - 40% - 0:06
44 Forward
1 - 100% - 60% - 1:16
2 - 0% - 40% - 0:00
44 Defense
1 - 45% - 60% - 0:34
2 - 55% - 40% - 0:42
Last Minute Offensive  - 0:58
Last Minute Defensive  - 0:00
Total
Forward - 60:00
Defense - 60:00

Play by Play

1st period


0:01 of 1st period - Darroll Powe wins face-off versus Radek Bonk in neutral zone.
0:50 of 1st period - Snap shot by Jonathan Tremblay.
0:50 of 1st period - Shot Misses the Net.
2:41 of 1st period - Snap shot by Kyle Greentree.
2:41 of 1st period - Stopped by Jussi Markkanen with a rebound.
2:43 of 1st period - Wrist shot by Scott Lehman.
2:43 of 1st period - Stopped by Jussi Markkanen without a rebound.
2:44 of 1st period - Radek Bonk wins face-off versus Darroll Powe in Tamiflu zone.
3:59 of 1st period - Tyler Haskins is hit by Garnet Exelby and loses puck.
4:12 of 1st period - Wrist shot by Radek Bonk.
4:12 of 1st period - Stopped by Michael Leighton without a rebound.
4:13 of 1st period - Mike Brown wins face-off versus Cody Almond in Knights zone.
4:20 of 1st period - Wrist shot by Alex Picard.
4:20 of 1st period - Shot Misses the Net.
5:03 of 1st period - Wrist shot by Jesse Joensuu.
5:03 of 1st period - Stopped by Jussi Markkanen with a rebound.
5:30 of 1st period - Snap shot by Alex Picard.
5:30 of 1st period - Deflect By Mike Brown.
5:30 of 1st period - Shot Misses the Net.
5:30 of 1st period - Puck is out of play.
5:31 of 1st period - Nate Thompson wins face-off versus Jarret Stoll in Knights zone.
5:34 of 1st period - Wrist shot by Petr Pohl.
5:34 of 1st period - Deflect By Jani Rita.
5:34 of 1st period - Shot Blocked by Karlis Skrastins.
5:34 of 1st period - Puck is out of play.
5:35 of 1st period - Nate Thompson wins face-off versus Jarret Stoll in Knights zone.
5:40 of 1st period - Wrist shot by Jani Rita.
5:40 of 1st period - Shot Misses the Net.
6:08 of 1st period - Slapshot by Pavel Trnka.
6:08 of 1st period - Shot Blocked by Karlis Skrastins.
6:58 of 1st period - Slapshot by Nigel Dawes.
6:58 of 1st period - Shot Misses the Net.
7:43 of 1st period - Nicklas Grossman is hit by David Clarkson and loses puck.
8:02 of 1st period - Wrist shot by Jani Rita.
8:02 of 1st period - Stopped by Michael Leighton with a rebound.
8:25 of 1st period - Wrist shot by Pierre Dagenais.
8:25 of 1st period - Stopped by Michael Leighton without a rebound.
8:26 of 1st period - Darroll Powe wins face-off versus Radek Bonk in Knights zone.
9:00 of 1st period - Wrist shot by Nate Thompson.
9:00 of 1st period - Stopped by Michael Leighton with a rebound.
9:10 of 1st period - Jarret Stoll is hit by David Clarkson and loses puck.
9:25 of 1st period - Snap shot by Troy Brouwer.
9:25 of 1st period - Shot Misses the Net.
9:27 of 1st period - Slapshot by Scott Lehman.
9:27 of 1st period - Stopped by Jussi Markkanen with a rebound.
9:29 of 1st period - Slapshot by Troy Brouwer.
9:29 of 1st period - Shot Misses the Net.
9:31 of 1st period - Slapshot by Jarret Stoll.
9:31 of 1st period - Stopped by Jussi Markkanen with a rebound.
10:09 of 1st period - Snap shot by Jakub Voracek.
10:09 of 1st period - Stopped by Jussi Markkanen with a rebound.
10:11 of 1st period - Slapshot by Garnet Exelby.
10:11 of 1st period - Shot Misses the Net.
10:21 of 1st period - Snap shot by Troy Brouwer.
10:21 of 1st period - Goal by Troy Brouwer - Knights : 1 - Tamiflu : 0.
10:22 of 1st period - Darroll Powe wins face-off versus Mike Brown in neutral zone.
11:15 of 1st period - Pierre Dagenais is hit by Jonathan Tremblay and loses puck.
11:22 of 1st period - Snap shot by Jesse Joensuu.
11:22 of 1st period - Shot Blocked by Justin Braun.
11:24 of 1st period - Wrist shot by Korbinian Holzer.
11:24 of 1st period - Stopped by Jussi Markkanen with a rebound.
11:38 of 1st period - Wrist shot by Greg Mauldin.
11:38 of 1st period - Stopped by Michael Leighton with a rebound.
11:57 of 1st period - Wrist shot by Nate Thompson.
11:57 of 1st period - Shot Misses the Net.
12:21 of 1st period - Ryan Suter is hit by Pavel Trnka and loses puck.
12:52 of 1st period - Snap shot by Jarret Stoll.
12:52 of 1st period - Stopped by Jussi Markkanen with a rebound.
13:02 of 1st period - Nathan Oystrick is hit by Jonathan Tremblay and loses puck.
13:12 of 1st period - Snap shot by Radek Bonk.
13:12 of 1st period - Shot Blocked by Garnet Exelby.
13:30 of 1st period - Snap shot by Greg Mauldin.
13:30 of 1st period - Deflect By Pierre Dagenais.
13:30 of 1st period - Stopped by Michael Leighton with a rebound.
13:42 of 1st period - Snap shot by Jani Rita.
13:42 of 1st period - Stopped by Michael Leighton with a rebound.
13:58 of 1st period - Jonathan Sigalet is hit by Ryan Suter and loses puck.
14:05 of 1st period - Wrist shot by Jonathan Tremblay.
14:05 of 1st period - Stopped by Jussi Markkanen with a rebound.
14:22 of 1st period - Kyle Lawson is hit by Jarret Stoll.
15:09 of 1st period - Minor Penalty to Cody Almond for Holding Stick.
15:10 of 1st period - Radek Bonk wins face-off versus Darroll Powe in Knights zone.
15:13 of 1st period - Wrist shot by Radek Bonk.
15:13 of 1st period - Shot Misses the Net.
15:15 of 1st period - Wrist shot by Mike Brown.
15:15 of 1st period - Shot Misses the Net.
15:17 of 1st period - Snap shot by Mike Brown.
15:17 of 1st period - Stopped by Michael Leighton with a rebound.
15:19 of 1st period - Slapshot by Nathan Oystrick.
15:19 of 1st period - Goal by Nathan Oystrick - Knights : 1 - Tamiflu : 1.
15:20 of 1st period - Nigel Dawes wins face-off versus Radek Bonk in neutral zone.
16:34 of 1st period - Off-side.
16:35 of 1st period - Jack Skille wins face-off versus Nate Thompson in neutral zone.
16:38 of 1st period - Slapshot by Darroll Powe.
16:38 of 1st period - Stopped by Jussi Markkanen with a rebound.
17:25 of 1st period - Backhand shot by Pierre Dagenais.
17:25 of 1st period - Shot Misses the Net.
17:38 of 1st period - Snap shot by Jonathan Tremblay.
17:38 of 1st period - Stopped by Jussi Markkanen with a rebound.
17:44 of 1st period - Slapshot by Ryan Suter.
17:44 of 1st period - Shot Blocked by Nathan Oystrick.
17:46 of 1st period - Wrist shot by Jonathan Tremblay.
17:46 of 1st period - Shot Blocked by Jordan Hendry.
18:05 of 1st period - Slapshot by Jani Rita.
18:05 of 1st period - Stopped by Michael Leighton with a rebound.
18:07 of 1st period - Slapshot by Jordan Hendry.
18:07 of 1st period - Shot Misses the Net.
18:09 of 1st period - Snap shot by Nate Thompson.
18:09 of 1st period - Stopped by Michael Leighton with a rebound.
18:11 of 1st period - Slapshot by Jordan Hendry.
18:11 of 1st period - Shot Blocked by Karlis Skrastins.
18:53 of 1st period - Wrist shot by Greg Mauldin.
18:53 of 1st period - Stopped by Michael Leighton without a rebound.
18:54 of 1st period - Nate Thompson wins face-off versus Darroll Powe in Knights zone.
18:57 of 1st period - Wrist shot by Nate Thompson.
18:57 of 1st period - Shot Misses the Net.
18:59 of 1st period - Slapshot by Pavel Trnka.
18:59 of 1st period - Stopped by Michael Leighton without a rebound.
19:00 of 1st period - Darroll Powe wins face-off versus Nate Thompson in Knights zone.
19:31 of 1st period - Snap shot by Jarret Stoll.
19:31 of 1st period - Stopped by Jussi Markkanen with a rebound.
19:56 of 1st period - Wrist shot by Kyle Greentree.
19:56 of 1st period - Stopped by Jussi Markkanen without a rebound.
19:57 of 1st period - Nate Thompson wins face-off versus Darroll Powe in Tamiflu zone.

2nd period


0:01 of 2nd period - Nigel Dawes wins face-off versus Radek Bonk in neutral zone.
0:03 of 2nd period - Off-side.
0:04 of 2nd period - Radek Bonk wins face-off versus Darroll Powe in neutral zone.
1:01 of 2nd period - Slapshot by Pavel Trnka.
1:01 of 2nd period - Shot Blocked by Garnet Exelby.
1:24 of 2nd period - Pierre Dagenais is hit by Jesse Joensuu and loses puck.
2:11 of 2nd period - Darroll Powe is hit by Jani Rita and loses puck.
2:30 of 2nd period - Snap shot by Tyler Haskins.
2:30 of 2nd period - Stopped by Michael Leighton without a rebound.
2:31 of 2nd period - Jarret Stoll wins face-off versus Radek Bonk in Knights zone.
2:43 of 2nd period - Icing by Radek Bonk.
2:44 of 2nd period - Radek Bonk wins face-off versus Jarret Stoll in Tamiflu zone.
2:48 of 2nd period - Off-side.
2:49 of 2nd period - Jarret Stoll wins face-off versus Radek Bonk in neutral zone.
3:24 of 2nd period - Backhand shot by Nate Thompson.
3:24 of 2nd period - Deflect By Jani Rita.
3:24 of 2nd period - Stopped by Michael Leighton with a rebound.
3:47 of 2nd period - Off-side.
3:48 of 2nd period - Tyler Haskins wins face-off versus Jarret Stoll in neutral zone.
3:55 of 2nd period - Slapshot by Pavel Trnka.
3:55 of 2nd period - Stopped by Michael Leighton without a rebound.
3:56 of 2nd period - Jarret Stoll wins face-off versus Tyler Haskins in Knights zone.
4:39 of 2nd period - Slapshot by Pavel Trnka.
4:39 of 2nd period - Shot Misses the Net.
5:07 of 2nd period - Wrist shot by Jakub Voracek.
5:07 of 2nd period - Stopped by Jussi Markkanen with a rebound.
5:41 of 2nd period - Snap shot by David Clarkson.
5:41 of 2nd period - Stopped by Michael Leighton without a rebound.
5:42 of 2nd period - Alex Picard wins face-off versus Darroll Powe in Knights zone.
6:16 of 2nd period - Snap shot by Jani Rita.
6:16 of 2nd period - Goal by Jani Rita - Knights : 1 - Tamiflu : 2.
6:17 of 2nd period - Darroll Powe wins face-off versus Radek Bonk in neutral zone.
6:43 of 2nd period - Petr Pohl is hit by Benn Ferriero and loses puck.
7:18 of 2nd period - Snap shot by Darroll Powe.
7:18 of 2nd period - Stopped by Jussi Markkanen with a rebound.
7:39 of 2nd period - Scott Lehman is hit by Jani Rita and loses puck.
8:10 of 2nd period - Minor Penalty to Greg Mauldin for Holding.
8:11 of 2nd period - Radek Bonk wins face-off versus Darroll Powe in Tamiflu zone.
8:18 of 2nd period - Wrist shot by Darroll Powe.
8:18 of 2nd period - Shot Misses the Net.
9:28 of 2nd period - Icing by Karlis Skrastins.
9:29 of 2nd period - Darroll Powe wins face-off versus Radek Bonk in Knights zone.
9:42 of 2nd period - Snap shot by Jack Skille.
9:42 of 2nd period - Stopped by Jussi Markkanen with a rebound.
9:44 of 2nd period - Wrist shot by Jack Skille.
9:44 of 2nd period - Stopped by Jussi Markkanen with a rebound.
9:46 of 2nd period - Slapshot by Karlis Skrastins.
9:46 of 2nd period - Stopped by Jussi Markkanen without a rebound.
9:47 of 2nd period - Jarret Stoll wins face-off versus Nate Thompson in Tamiflu zone.
9:53 of 2nd period - Backhand shot by Jarret Stoll.
9:53 of 2nd period - Stopped by Jussi Markkanen with a rebound.
9:57 of 2nd period - Wrist shot by Troy Brouwer.
9:57 of 2nd period - Deflect By Jarret Stoll.
9:57 of 2nd period - Shot Misses the Net.
9:57 of 2nd period - Puck is out of play.
9:58 of 2nd period - Darroll Powe wins face-off versus Radek Bonk in Tamiflu zone.
10:10 of 2nd period - Penalty to Greg Mauldin is over, Greg Mauldin is back on ice.
10:27 of 2nd period - Wrist shot by Nate Thompson.
10:27 of 2nd period - Stopped by Michael Leighton with a rebound.
10:45 of 2nd period - Slapshot by Troy Brouwer.
10:45 of 2nd period - Shot Misses the Net.
11:20 of 2nd period - Snap shot by Nigel Dawes.
11:20 of 2nd period - Stopped by Jussi Markkanen with a rebound.
11:22 of 2nd period - Slapshot by Garnet Exelby.
11:22 of 2nd period - Stopped by Jussi Markkanen with a rebound.
11:42 of 2nd period - Snap shot by Nathan Oystrick.
11:42 of 2nd period - Stopped by Michael Leighton without a rebound.
11:43 of 2nd period - Benn Ferriero wins face-off versus Nate Thompson in Knights zone.
11:50 of 2nd period - Wrist shot by Vladimir Orszagh.
11:50 of 2nd period - Stopped by Jussi Markkanen with a rebound.
12:05 of 2nd period - Minor Penalty to Alex Picard for Roughing.
12:06 of 2nd period - Darroll Powe wins face-off versus Radek Bonk in Tamiflu zone.
12:07 of 2nd period - Snap shot by Nigel Dawes.
12:07 of 2nd period - Stopped by Jussi Markkanen with a rebound.
12:09 of 2nd period - Slapshot by Ryan Suter.
12:09 of 2nd period - Shot Misses the Net.
12:11 of 2nd period - Wrist shot by Karlis Skrastins.
12:11 of 2nd period - Deflect By Nigel Dawes.
12:11 of 2nd period - Stopped by Jussi Markkanen without a rebound.
12:12 of 2nd period - Darroll Powe wins face-off versus Radek Bonk in Tamiflu zone.
12:18 of 2nd period - Backhand shot by Ryan Suter.
12:18 of 2nd period - Stopped by Jussi Markkanen with a rebound.
12:22 of 2nd period - Snap shot by Darroll Powe.
12:22 of 2nd period - Shot Misses the Net.
12:24 of 2nd period - Slapshot by Ryan Suter.
12:24 of 2nd period - Goal by Ryan Suter - Knights : 2 - Tamiflu : 2.
12:25 of 2nd period - Darroll Powe wins face-off versus Radek Bonk in neutral zone.
12:30 of 2nd period - Snap shot by Nigel Dawes.
12:30 of 2nd period - Stopped by Jussi Markkanen without a rebound.
12:31 of 2nd period - Darroll Powe wins face-off versus Radek Bonk in Tamiflu zone.
12:32 of 2nd period - Wrist shot by Nigel Dawes.
12:32 of 2nd period - Stopped by Jussi Markkanen with a rebound.
12:44 of 2nd period - Snap shot by Radek Bonk.
12:44 of 2nd period - Shot Misses the Net.
12:46 of 2nd period - Wrist shot by Alex Picard.
12:46 of 2nd period - Stopped by Michael Leighton with a rebound.
13:18 of 2nd period - Slapshot by Garnet Exelby.
13:18 of 2nd period - Deflect By Pavel Trnka.
13:18 of 2nd period - Stopped by Jussi Markkanen without a rebound.
13:19 of 2nd period - Radek Bonk wins face-off versus Cody Almond in Tamiflu zone.
13:23 of 2nd period - Off-side.
13:24 of 2nd period - Cody Almond wins face-off versus Radek Bonk in neutral zone.
14:31 of 2nd period - David Clarkson is hit by Nicklas Grossman and loses puck.
14:38 of 2nd period - Slapshot by Jonathan Sigalet.
14:38 of 2nd period - Shot Misses the Net.
15:09 of 2nd period - Pavel Trnka is hit by Korbinian Holzer and loses puck.
15:30 of 2nd period - Greg Mauldin is hit by Troy Brouwer and loses puck.
15:43 of 2nd period - Wrist shot by Jakub Voracek.
15:43 of 2nd period - Deflect By Jarret Stoll.
15:43 of 2nd period - Stopped by Jussi Markkanen without a rebound.
15:44 of 2nd period - Radek Bonk wins face-off versus Darroll Powe in Tamiflu zone.
16:18 of 2nd period - Off-side.
16:19 of 2nd period - Greg Mauldin wins face-off versus Jarret Stoll in neutral zone.
16:24 of 2nd period - Pavel Trnka is hit by Karlis Skrastins and loses puck.
16:57 of 2nd period - Slapshot by Jack Skille.
16:57 of 2nd period - Shot Misses the Net.
17:10 of 2nd period - Icing by Garnet Exelby.
17:11 of 2nd period - Nate Thompson wins face-off versus Benn Ferriero in Knights zone.
17:22 of 2nd period - Wrist shot by Jani Rita.
17:22 of 2nd period - Shot Misses the Net.
17:59 of 2nd period - Wrist shot by Jani Rita.
17:59 of 2nd period - Shot Misses the Net.
18:01 of 2nd period - Snap shot by Nate Thompson.
18:01 of 2nd period - Deflect By Petr Pohl.
18:01 of 2nd period - Stopped by Michael Leighton without a rebound.
18:02 of 2nd period - Radek Bonk wins face-off versus Darroll Powe in Knights zone.
18:05 of 2nd period - Wrist shot by Radek Bonk.
18:05 of 2nd period - Stopped by Michael Leighton with a rebound.
18:40 of 2nd period - Backhand shot by David Clarkson.
18:40 of 2nd period - Shot Blocked by Troy Brouwer.
19:22 of 2nd period - Scott Lehman is hit by Alex Picard and loses puck.
19:28 of 2nd period - Minor Penalty to Justin Braun for Interference.
19:29 of 2nd period - Darroll Powe wins face-off versus Radek Bonk in Tamiflu zone.

3rd period


0:01 of 3rd period - Darroll Powe wins face-off versus Radek Bonk in neutral zone.
0:34 of 3rd period - Slapshot by Troy Brouwer.
0:34 of 3rd period - Goal by Troy Brouwer - Knights : 3 - Tamiflu : 2.
0:35 of 3rd period - Darroll Powe wins face-off versus Radek Bonk in neutral zone.
0:42 of 3rd period - Slapshot by Jack Skille.
0:42 of 3rd period - Shot Misses the Net.
0:44 of 3rd period - Snap shot by Darroll Powe.
0:44 of 3rd period - Stopped by Jussi Markkanen with a rebound.
0:49 of 3rd period - Minor Penalty to Mike Brown for Hooking.
0:50 of 3rd period - Radek Bonk wins face-off versus Nigel Dawes in Tamiflu zone.
2:04 of 3rd period - Wrist shot by Pierre Dagenais.
2:04 of 3rd period - Goal by Pierre Dagenais - Knights : 3 - Tamiflu : 3.
2:05 of 3rd period - Darroll Powe wins face-off versus Radek Bonk in neutral zone.
2:05 of 3rd period - Minor Penalty to Radek Bonk for Roughing.
2:05 of 3rd period - Minor Penalty to Ryan Suter for Hooking.
2:06 of 3rd period - Pierre Dagenais wins face-off versus Darroll Powe in neutral zone.
2:09 of 3rd period - Slapshot by Jonathan Sigalet.
2:09 of 3rd period - Shot Blocked by Garnet Exelby.
2:38 of 3rd period - Wrist shot by Greg Mauldin.
2:38 of 3rd period - Shot Misses the Net.
2:40 of 3rd period - Slapshot by Greg Mauldin.
2:40 of 3rd period - Stopped by Michael Leighton with a rebound.
2:42 of 3rd period - Slapshot by Jonathan Sigalet.
2:42 of 3rd period - Deflect By Jack Skille.
2:42 of 3rd period - Stopped by Michael Leighton without a rebound.
2:43 of 3rd period - Darroll Powe wins face-off versus Pierre Dagenais in Knights zone.
2:49 of 3rd period - Penalty to Mike Brown is over, Mike Brown is back on ice.
2:50 of 3rd period - Nathan Oystrick is hit by Garnet Exelby and loses puck.
3:01 of 3rd period - Darroll Powe is hit by Pavel Trnka and loses puck.
3:12 of 3rd period - Snap shot by Mike Brown.
3:12 of 3rd period - Shot Blocked by Garnet Exelby.
3:41 of 3rd period - Snap shot by Pierre Dagenais.
3:41 of 3rd period - Stopped by Michael Leighton without a rebound.
3:42 of 3rd period - Greg Mauldin wins face-off versus Jarret Stoll in Knights zone.
3:53 of 3rd period - Alex Picard is hit by Garnet Exelby.
4:05 of 3rd period - Penalty to Radek Bonk is over, Radek Bonk is back on ice.
4:05 of 3rd period - Penalty to Ryan Suter is over, Ryan Suter is back on ice.
4:39 of 3rd period - Slapshot by Ryan Suter.
4:39 of 3rd period - Stopped by Jussi Markkanen with a rebound.
4:41 of 3rd period - Slapshot by Karlis Skrastins.
4:41 of 3rd period - Shot Blocked by Radek Bonk.
4:43 of 3rd period - Wrist shot by Ryan Suter.
4:43 of 3rd period - Stopped by Jussi Markkanen with a rebound.
4:45 of 3rd period - Snap shot by Garnet Exelby.
4:45 of 3rd period - Deflect By Jack Skille.
4:45 of 3rd period - Shot Blocked by Alex Picard.
4:45 of 3rd period - Puck is out of play.
4:46 of 3rd period - Benn Ferriero wins face-off versus Nate Thompson in Tamiflu zone.
4:48 of 3rd period - Minor Penalty to Nathan Oystrick for Holding.
4:49 of 3rd period - Radek Bonk wins face-off versus Darroll Powe in Tamiflu zone.
6:32 of 3rd period - Garnet Exelby is hit by Greg Mauldin and loses puck.
6:48 of 3rd period - Penalty to Nathan Oystrick is over, Nathan Oystrick is back on ice.
7:28 of 3rd period - Slapshot by Jordan Hendry.
7:28 of 3rd period - Deflect By David Clarkson.
7:28 of 3rd period - Stopped by Michael Leighton with a rebound.
7:30 of 3rd period - Wrist shot by Tyler Haskins.
7:30 of 3rd period - Goal by Tyler Haskins - Knights : 3 - Tamiflu : 4.
7:31 of 3rd period - Darroll Powe wins face-off versus Radek Bonk in neutral zone.
7:40 of 3rd period - Snap shot by Nigel Dawes.
7:40 of 3rd period - Shot Misses the Net.
7:56 of 3rd period - Petr Pohl is hit by Ryan Suter and loses puck.
8:01 of 3rd period - Snap shot by Jarret Stoll.
8:01 of 3rd period - Shot Misses the Net.
8:06 of 3rd period - Icing by Petr Pohl.
8:07 of 3rd period - Nate Thompson wins face-off versus Jarret Stoll in Tamiflu zone.
8:27 of 3rd period - Jakub Voracek is hit by Jani Rita.
9:45 of 3rd period - Snap shot by Troy Brouwer.
9:45 of 3rd period - Shot Misses the Net.
9:47 of 3rd period - Snap shot by Troy Brouwer.
9:47 of 3rd period - Shot Misses the Net.
9:49 of 3rd period - Snap shot by Troy Brouwer.
9:49 of 3rd period - Stopped by Jussi Markkanen without a rebound.
9:50 of 3rd period - Radek Bonk wins face-off versus Darroll Powe in Tamiflu zone.
9:50 of 3rd period - Radek Bonk is hit by Nigel Dawes.
10:22 of 3rd period - Icing by Vladimir Orszagh.
10:23 of 3rd period - Benn Ferriero wins face-off versus Greg Mauldin in Knights zone.
10:39 of 3rd period - Wrist shot by Kyle Greentree.
10:39 of 3rd period - Stopped by Jussi Markkanen without a rebound.
10:40 of 3rd period - Darroll Powe wins face-off versus Radek Bonk in Tamiflu zone.
10:44 of 3rd period - Minor Penalty to Ryan Suter for Slashing.
10:45 of 3rd period - Radek Bonk wins face-off versus Darroll Powe in Knights zone.
10:58 of 3rd period - Karlis Skrastins is hit by Radek Bonk and loses puck.
12:44 of 3rd period - Penalty to Ryan Suter is over, Ryan Suter is back on ice.
12:50 of 3rd period - Nicklas Grossman is hit by David Clarkson and loses puck.
13:00 of 3rd period - Icing by Nicklas Grossman.
13:01 of 3rd period - Nick Spaling wins face-off versus Darroll Powe in Knights zone.
13:47 of 3rd period - Jordan Hendry is hit by Jakub Voracek and loses puck.
13:56 of 3rd period - Snap shot by Jakub Voracek.
13:56 of 3rd period - Stopped by Jussi Markkanen with a rebound.
14:12 of 3rd period - Wrist shot by Benn Ferriero.
14:12 of 3rd period - Goal by Benn Ferriero - Knights : 4 - Tamiflu : 4.
14:13 of 3rd period - Darroll Powe wins face-off versus Radek Bonk in neutral zone.
14:16 of 3rd period - Wrist shot by Darroll Powe.
14:16 of 3rd period - Shot Blocked by Jonathan Sigalet.
14:18 of 3rd period - Slapshot by Nigel Dawes.
14:18 of 3rd period - Stopped by Jussi Markkanen with a rebound.
14:20 of 3rd period - Snap shot by Nicklas Grossman.
14:20 of 3rd period - Shot Blocked by Pavel Trnka.
14:26 of 3rd period - Wrist shot by Nigel Dawes.
14:26 of 3rd period - Stopped by Jussi Markkanen with a rebound.
14:40 of 3rd period - Pavel Trnka is hit by Troy Brouwer and loses puck.
15:04 of 3rd period - Greg Mauldin is hit by Benn Ferriero.
15:08 of 3rd period - Slapshot by Pavel Trnka.
15:08 of 3rd period - Shot Misses the Net.
15:10 of 3rd period - Snap shot by Pavel Trnka.
15:10 of 3rd period - Shot Blocked by Scott Lehman.
15:20 of 3rd period - Snap shot by Nigel Dawes.
15:20 of 3rd period - Stopped by Jussi Markkanen with a rebound.
15:22 of 3rd period - Slapshot by Darroll Powe.
15:22 of 3rd period - Shot Misses the Net.
15:24 of 3rd period - Snap shot by Nigel Dawes.
15:24 of 3rd period - Deflect By Darroll Powe.
15:24 of 3rd period - Goal by Darroll Powe - Knights : 5 - Tamiflu : 4.
15:25 of 3rd period - Benn Ferriero wins face-off versus Nick Spaling in neutral zone.
15:52 of 3rd period - Jack Skille is hit by Nathan Oystrick and loses puck.
16:15 of 3rd period - Snap shot by Jarret Stoll.
16:15 of 3rd period - Stopped by Jussi Markkanen with a rebound.
17:17 of 3rd period - Wrist shot by Pierre Dagenais.
17:17 of 3rd period - Stopped by Michael Leighton with a rebound.
17:52 of 3rd period - Snap shot by Jonathan Tremblay.
17:52 of 3rd period - Stopped by Jussi Markkanen with a rebound.
17:54 of 3rd period - Wrist shot by Jesse Joensuu.
17:54 of 3rd period - Shot Blocked by Jani Rita.
17:56 of 3rd period - Wrist shot by Jesse Joensuu.
17:56 of 3rd period - Shot Blocked by Jani Rita.
17:58 of 3rd period - Snap shot by Jonathan Tremblay.
17:58 of 3rd period - Stopped by Jussi Markkanen with a rebound.
18:53 of 3rd period - Slapshot by Darroll Powe.
18:53 of 3rd period - Deflect By Vladimir Orszagh.
18:53 of 3rd period - Stopped by Jussi Markkanen without a rebound.
18:54 of 3rd period - Mike Sullivan call a timeout for Tamiflu.
18:54 of 3rd period - Darroll Powe wins face-off versus Radek Bonk in Tamiflu zone.
19:13 of 3rd period - Tamiflu, Jussi Markkanen is pulled from the net.
19:42 of 3rd period - Minor Penalty to Garnet Exelby for Tripping.
19:43 of 3rd period - Darroll Powe wins face-off versus Nate Thompson in Knights zone.
19:56 of 3rd period - Snap shot by Jani Rita.
19:56 of 3rd period - Stopped by Michael Leighton with a rebound.
19:58 of 3rd period - Slapshot by Nathan Oystrick.
19:58 of 3rd period - Shot Blocked by Ryan Suter.


Output by the SimonT Hockey Simulator (STHS) for François Prévost -- Original Page W3C XHTML 1.0 Valid
Hockey Simulator - Hockey Simulation - Hockey Manager